 Dungeon Crawl Stone Soup version 0.28.0-47-ge53b351184 (webtiles) character file.

Game seed: 11261498940596577910

322 Eitelfritz the Covert (level 6, -12/36 HPs)
             Began as a Kobold Brigand on Apr 27, 2022.
             Mangled by a two-headed ogre
             ... wielding a +0 giant club
              (30 damage)
             ... on level 4 of the Dungeon.
             The game lasted 00:06:38 (2862 turns).

Eitelfritz the Covert (Kobold Brigand)              Turns: 2862, Time: 00:06:39

Health: -12/36     AC:  4    Str:  9    XL:     6   Next: 76%
Magic:  6/6        EV: 19    Int: 12    God:
Gold:   147        SH:  0    Dex: 18    Spells: 5/5 levels left

rFire   . . .      SeeInvis .   a - +3 dagger
rCold   + . .      Faith    .   (no shield)
rNeg    . . .      Spirit   .   t - +1 robe {rC+}
rPois   .          Reflect  .   (no helmet)
rElec   .          Harm     .   c - +0 cloak
rCorr   .          Rampage  .   (no gloves)
Will    .....                   (no boots)
Stlth   +++++.....              (no amulet)
HPRegen 0.12/turn               g - +4 ring of evasion
MPRegen 0.10/turn               (no ring)

@: no status effects
A: small, no large weapons, nightstalker 3
a: no special abilities


You were on level 4 of the Dungeon.
You visited 1 branch of the dungeon, and saw 4 of its levels.

You collected 147 gold pieces.

Inventory:

Hand Weapons
 a - a +3 dagger (weapon)
Missiles
 d - a poisoned dart (quivered)
 x - 2 boomerangs
Armour
 c - a +0 cloak (worn)
 t - a +1 robe of cold resistance (worn)
Jewellery
 g - a +4 ring of evasion (left hand)
 o - a +6 ring of intelligence
Wands
 p - a wand of flame (22)
Potions
 b - a potion of heal wounds {unknown}
 f - a potion of brilliance {unknown}
 l - 2 potions of attraction {unknown}
 q - 2 potions of might {unknown}
 v - 2 potions of lignification {unknown}


   Skills:
 + Level 2.9 Fighting
 + Level 4.6 Short Blades
 + Level 2.2 Throwing
 + Level 2.3 Dodging
 + Level 9.0 Stealth


You had 5 spell levels left.
You didn't know any spells.
Your spell library contained the following spells:

 Spells                   Type           Power      Damage    Failure   Level
 Animate Skeleton         Necr           0%         N/A       32%         1
 Pain                     Necr           0%         1d4       32%         1
 Sting                    Tmut/Pois      0%         1d3       32%         1
 Poisonous Vapours        Pois/Air       0%         N/A       45%         2
 Vampiric Draining        Necr           0%         2d6       69%         3
 Olgreb's Toxic Radiance  Pois           0%         N/A       97%         4
 Iskenderun's Battlesphe  Conj           0%         2d6       100%        5
 Iron Shot                Conj/Erth      0%         9d1       100%        6
 Spellforged Servitor     Conj/Summ      0%         N/A       100%        7


Dungeon Overview and Level Annotations

Branches:
Dungeon (4/15)
 Temple: D:4-7

Altars:
Elyvilon
Yredelemnul

Shops:
D:1 ?[:!


Innate Abilities, Weirdness & Mutations

You are small and have problems with some larger weapons.
You are completely attuned to the shadows.


Message History

You throw a curare-tipped dart.
The curare-tipped dart hits the two-headed ogre.
The two-headed ogre is poisoned.
The two-headed ogre convulses.
The two-headed ogre seems to slow down.
The two-headed ogre is moderately wounded.
Throw: dart (curare)
Press: ? - help, Q - select action, (/) - cycle Shift-Dir - straight line, f/p - two-headed ogre
Aim: a two-headed ogre, wielding a +0 giant club and a +0 giant spiked club (heavily wounded, very poisoned, slow, 77% to hit)
You throw a curare-tipped dart.
The curare-tipped dart barely misses the two-headed ogre.
You see here a poisoned dart.
The two-headed ogre is no longer moving slowly.
e - a curare-tipped dart
There are no items here.
Throw: dart (curare)
Press: ? - help, Q - select action, (/) - cycle Shift-Dir - straight line, f/p - two-headed ogre
Aim: a two-headed ogre, wielding a +0 giant club and a +0 giant spiked club (heavily wounded, poisoned, 77% to hit)
You throw a curare-tipped dart.
The curare-tipped dart hits the two-headed ogre.
The two-headed ogre looks even sicker.
The two-headed ogre convulses.
The two-headed ogre seems to slow down.
The two-headed ogre is severely wounded.
You see here a curare-tipped dart.
Throw: 3 darts (poison)
Press: ? - help, Q - select action, (/) - cycle Shift-Dir - straight line, f/p - two-headed ogre
Aim: a two-headed ogre, wielding a +0 giant club and a +0 giant spiked club (severely wounded, very poisoned, slow, 77% to hit)
You throw a poisoned dart.
The poisoned dart barely misses the two-headed ogre.
The two-headed ogre is no longer moving slowly.
You see here a poisoned dart.
Throw: 2 darts (poison)
Press: ? - help, Q - select action, (/) - cycle Shift-Dir - straight line, f/p - two-headed ogre
Aim: a two-headed ogre, wielding a +0 giant club and a +0 giant spiked club (severely wounded, very poisoned, 77% to hit)
You throw a poisoned dart.
The poisoned dart hits the two-headed ogre.
The two-headed ogre looks even sicker.
The two-headed ogre is severely wounded.
The two-headed ogre hits you with a +0 giant club!!
Ouch! That really hurt!
You die...

#.# #....# #.# .##.#
#....###########.# .##.#
#................#
.##.###................#
.##.#.#.....######.###.#
.##.#.#.....######.###.####
............((.(..........#
....#.##....####.....#.####
....#.##....####@....#....#
.....(.(....(..O.........##
.........................#
....#.##.#..#........#...#
....#.##(#...........#...##
..........................#
.....................#....# ###
.....................#....# #.#
..............######......###.###


You could see a two-headed ogre (very poisoned).

Vanquished Creatures
  Sigmund (D:3)
  A necrophage (D:4)
  4 adders
  2 dart slugs
  8 endoplasms
  3 giant cockroaches
  3 goblins
  4 hobgoblins
  2 jackals (D:1)
  3 quokkas
  6 ball pythons
  A frilled lizard (D:1)
  7 kobolds
  2 rats
47 creatures vanquished.

Notes
Turn   | Place    | Note
-------+----------+-------------------------------------------
     0 | D:1      | Eitelfritz the Kobold Brigand began the quest for the Orb.
     0 | D:1      | Reached XP level 1. HP: 12/12 MP: 1/1
    46 | D:1      | Found Totejisch's Distillery.
   112 | D:1      | Reached XP level 2. HP: 18/18 MP: 2/2
   183 | D:1      | Found Gagi Darosk's Book Boutique.
   185 | D:1      | Found a faded altar of an unknown god.
   350 | D:1      | Found Kitwan Fewko's Antique Armour Emporium.
   354 | D:1      | Found Daogye's Magic Scroll Shop.
   434 | D:1      | Reached skill level 6 in Stealth
   480 | D:1      | Reached XP level 3. HP: 22/22 MP: 3/3
  1191 | D:2      | Identified the +7 plate armour of Privacy {rF- Regen+ rCorr
                  | Stlth+}
  1310 | D:2      | Reached XP level 4. HP: 27/27 MP: 4/4
  1630 | D:3      | Noticed Sigmund
  1640 | D:3      | Killed Sigmund
  1641 | D:3      | Reached skill level 8 in Stealth
  1641 | D:3      | Reached XP level 5. HP: 32/32 MP: 5/5
  1641 | D:3      | Reached XP level 6. HP: 36/36 MP: 6/6
  2228 | D:4      | Found a basalt altar of Yredelemnul.
  2374 | D:4      | Found a white marble altar of Elyvilon.
  2487 | D:4      | Noticed a necrophage
  2513 | D:4      | Killed a necrophage
  2514 | D:4      | Reached skill level 9 in Stealth
  2777 | D:4      | Noticed a two-headed ogre
  2783 | D:4      | Noticed an ogre
  2862 | D:4      | Mangled by a two-headed ogre

Illustrated notes

Levels and vault maps discovered:
D:1:      saegor_arrival_miasma, layout_rooms,
          ebering_ecumenical_altar_abandoned, serial_shops, shop,
          nicolae_shop_trees, shop, shop
D:2:      layout_basic
D:3:      layout_basic, small_statue_intersection, uniq_sigmund
D:4:      layout_basic, kennysheep_ying_yang,
          mainiacjoe_overflow_small_starburst, serial_shops,
          nicolae_lakefront_shop, minmay_manual_moon, uniq_blork_the_orc

Skill      XL: |  1  2  3  4  5  6 |
---------------+-------------------+-----
Short Blades   | 3 4 |  4.6
Stealth        | 6 8 9 |  9.0
Dodging        | 2 |  2.3
Fighting       | |  2.9
Throwing       | |  2.2

Action                   |  1- 3 |  4- 6 || total
-------------------------+-------+-------++-------
Melee: Dagger            |    66 |    63 ||   129
       Punch             |       |     2 ||     2
Throw: Dart              |       |    11 ||    11
  Use: Scroll            |       |    10 ||    10
 Stab: Sleeping          |    17 |    10 ||    27
       Distracted        |       |     1 ||     1
Armor: Robe              |     2 |     2 ||     4
Dodge: Dodged            |    40 |    33 ||    73
